Map: 瑟拉斯废墟

Players

DarkTemper

  • Race: Zerg Zerg
  • League: Platinum

Quail - Winner!

  • Race: Protoss Protoss
  • League: Diamond

VOD

Have the link to the VOD?

Description

Time

  • Played on: Dec. 6, 2015, 9:07 a.m.
  • Length: 10:37
Show
View Real Time Build Order
Export as new Build Order

DarkTemper Zerg 

Build Orders: Pool First 

Get SALT Encoding   

  12  0:07  Drone, Extractor  
  12  0:27  Spawning Pool  
  11  0:31  Drone  
  12  0:37  Drone  
  13  0:45  Drone  
  14  0:57  Overlord  
  14  1:21  Zergling x6  
  14  1:24  Metabolic Boost  
  17  1:38  Queen  
  19  1:50  Zergling x4  
  21  1:55  Zergling x2  
  22  2:51  Hatchery  
  22  2:55  Drone  
  22  2:57  Overlord  
  22  2:59  Hatchery  
  17  3:17  Zergling x10  
  21  3:40  Zergling x4  
  23  3:52  Drone  
  23  3:53  Drone x3  
  26  4:17  Queen  
  26  4:19  Drone x5  
  29  4:33  Zergling x8  
  29  4:34  Zergling x4  
  29  4:37  Drone  
  35  4:56  Drone x2  
  35  4:57  Zergling x4  
  35  4:58  Zergling x4  
  41  5:05  Overlord x2  
  34  5:25  Queen  
  34  5:27  Drone x7  
  34  5:28  Drone  
  42  5:48  Drone x2  
  42  5:49  Drone  
  45  5:50  Drone x2  
  45  5:51  Drone  
  45  5:52  Drone x3  
  51  6:00  Drone x3  
  54  6:07  Extractor  
  54  6:08  Drone x4  
  54  6:09  Overlord x2  
  48  6:31  Queen  
  49  6:50  Zergling x8  
  49  6:51  Zergling x18  
  49  6:52  Zergling x4  
  58  7:17  Drone  
  58  7:18  Drone x6  
  64  7:29  Lair  
  64  7:35  Drone x4, Extractor  
  64  7:36  Extractor  
  66  7:37  Drone x3  
  66  7:40  Extractor  
  66  7:41  Extractor  
  67  7:45  Drone  
  67  7:46  Drone x5  
  73  7:54  Spore Crawler  
  73  7:55  Drone  
  73  7:56  Overlord x5  
  73  8:24  Zergling x4  
  73  8:25  Zergling x14  
  80  8:38  Zergling x2  
  80  8:39  Zergling x12  
  79  8:47  Spire  
  64  8:56  Zergling x14  
  64  9:02  Queen  
  52  9:15  Zergling x2  
  52  9:16  Zergling x14  
  59  9:17  Zergling x6  
  60  9:36  Zergling x12  
  39  10:01  Mutalisk x3  
  39  10:02  Mutalisk x6  
Show
View Real Time Build Order
Export as new Build Order

Quail Protoss - Winner!

Build Orders: 1 Gate Expand 

Get SALT Encoding   

  12  0:01  Probe (Chrono Boost)  
  13  0:11  Probe (Chrono Boost)  
  14  0:18  Pylon  
  14  0:23  Probe (Chrono Boost)  
  15  0:36  Probe (Chrono Boost)  
  15  0:40  Gateway  
  16  0:47  Probe (Chrono Boost)  
  17  0:50  Assimilator  
  17  0:57  Probe (Chrono Boost)  
  17  1:21  Nexus  
  17  1:24  Probe (Chrono Boost)  
  18  1:35  Cybernetics Core  
  19  1:40  Probe (Chrono Boost)  
  19  1:50  Probe (Chrono Boost)  
  20  1:59  Pylon  
  20  2:01  Probe (Chrono Boost)  
  21  2:06  Assimilator  
  21  2:11  Adept (Chrono Boost)  
  23  2:25  Pylon  
  23  2:34  Mothership Core  
  25  2:41  Adept (Chrono Boost)  
  27  2:54  Gateway  
  27  2:55  Probe  
  25  3:13  Probe  
  25  3:17  Probe  
  27  3:25  Probe  
  27  3:26  Sentry (Chrono Boost)  
  30  3:28  Probe  
  31  3:35  Pylon  
  31  3:38  Probe x2  
  35  3:43  Robotics Facility  
  35  3:45  Sentry (Chrono Boost)  
  35  3:50  Probe  
  35  3:54  Probe  
  37  3:58  Adept (Chrono Boost)  
  33  4:13  Probe  
  33  4:14  Probe  
  34  4:21  Adept x2 (Chrono Boost)  
  38  4:28  Probe  
  38  4:29  Probe  
  37  4:33  Warp Prism  
  39  4:41  Pylon  
  41  4:47  Sentry (Chrono Boost)  
  41  4:48  Adept (Chrono Boost)  
  43  4:56  Probe x2  
  43  4:59  Gateway  
  45  5:07  Probe  
  45  5:08  Probe  
  47  5:17  Probe  
  46  5:31  Adept (Chrono Boost)  
  46  5:35  Adept (Chrono Boost)  
  50  5:46  Gateway  
  50  5:48  Probe  
  50  5:49  Probe  
  52  5:50  Gateway  
  52  5:52  Pylon  
  52  5:55  Adept (Chrono Boost)  
  54  5:57  Warp Gate (Chrono Boost)  
  54  6:09  Probe  
  54  6:10  Probe, Adept x2, Pylon  
  60  6:22  Probe  
  60  6:23  Probe  
  62  6:28  Assimilator  
  62  6:32  Assimilator  
  62  6:33  Probe  
  62  6:35  Probe  
  62  6:36  Gateway  
  62  6:37  Adept  
  62  6:38  Stargate  
  66  6:44  Probe  
  67  6:47  Adept  
  67  6:51  Twilight Council  
  69  7:09  Adept  
  69  7:13  Probe x2  
  67  7:20  Adept  
  67  7:21  Adept  
  69  7:25  Probe  
  69  7:27  Resonating Glaives (Chrono Boost)  
  70  7:35  Pylon  
  70  7:50  Gateway  
  70  7:51  Oracle (Chrono Boost)  
  70  7:52  Gateway, Warp Prism (Chrono Boost)  
  70  7:53  Probe, Adept  
  70  7:57  Pylon  
  78  7:59  Pylon x2  
  78  8:15  Probe  
  78  8:17  Adept x4  
  87  8:20  Adept  
  87  8:23  Sentry  
  91  8:39  Adept x4  
  83  9:02  Adept x4  
  85  9:03  Adept  
  87  9:29  Oracle (Chrono Boost)  
  80  9:34  Adept  
  80  9:35  Adept x4  
  90  9:44  Adept x3  
  94  9:46  Probe  
  95  10:00  Adept x2  
  95  10:01  Adept  
  101  10:13  Pylon  
  101  10:15  Pylon  
  101  10:18  Pylon  
  101  10:33  Stalker x6  
Tags
 
Add a new tag
Caveats
  • Supply blocks, unpowered buildings, or Contaminate may cause inaccurate times.
  • Supply counts are checked every 10 seconds.